 Dungeon Crawl Stone Soup version 0.31-a0-844-gdc52ec4e09 (webtiles) character file.

Game seed: 14737641704178243109

9282 Jannitor the Basher (level 11, 0/89 HPs)
             Began as a Gnoll Cinder Acolyte on Sept 29, 2023.
             Was a Follower of Uskayaw.
             Slain by a fire elemental (1 damage)
             ... created by the fiery vengeance of Ignis
             ... on level 9 of the Dungeon.
             The game lasted 00:17:08 (10766 turns).

Jannitor the Basher (Gnoll Cinder Acolyte)         Turns: 10766, Time: 00:17:10

Health: 0/89       AC: 17    Str: 16    XL:     11   Next: 44%
Magic:  18/21      EV: 13    Int: 21    God:    Uskayaw [*.....]
Gold:   383        SH:  0    Dex: 12    Spells: 18/24 levels left

rFire   . . .        p - +3 flail of Niaddy {freeze, Str+3 Int+5 Dex+2}
rCold   . . .        t - orb {*channel}
rNeg    . . .        e - +0 ring mail
rPois   .            i - +2 helmet
rElec   .            w - +0 cloak
rCorr   .            g - +0 pair of gloves
SInv    .            n - +0 pair of boots
Will    .....        (no amulet)
Stlth   ++           d - +4 ring of protection
HPRegen 0.34/turn    (no ring)
MPRegen 0.17/turn

%: channel magic (20%)
@: very slightly contaminated, fire susceptible
A: fangs 1, strong nose, distributed training
a: Renounce Religion, Stomp


You were on level 9 of the Dungeon.
You worshipped Uskayaw.
Uskayaw was noncommittal.
You visited 1 branch of the dungeon, and saw 10 of its levels.

You collected 383 gold pieces.

Inventory:

Hand Weapons
 a - a -1 mace of flaming
 p - the +3 flail of Niaddy (weapon) {freeze, Str+3 Int+5 Dex+2}
   (You found it on level 3 of the Dungeon)

   Str+3:     It affects your strength (+3).
   Int+5:     It affects your intelligence (+5).
   Dex+2:     It affects your dexterity (+2).
Missiles
 E - a throwing net
Armour
 b - a +0 robe
 e - a +0 ring mail (worn)
 g - a +0 pair of gloves (worn)
 i - a +2 helmet (worn)
 n - a +0 pair of boots (worn)
 t - an orb of energy (worn)
 w - a +0 cloak (worn)
Jewellery
 d - a +4 ring of protection (left hand)
 f - a ring of ice
 x - an amulet of regeneration
Wands
 s - a wand of roots (4)
 y - a wand of charming (10)
 A - a wand of acid (18)
 D - a wand of flame (11)
Scrolls
 j - 3 scrolls of fear
 m - a scroll of teleportation
 u - 2 scrolls of immolation
 v - a scroll of poison
Potions
 c - 2 potions of lignification
 h - a potion of brilliance
 k - a potion of heal wounds {unknown}
 l - a potion of curing
 o - a potion of magic {unknown}
 q - 4 potions of enlightenment {unknown}
 r - a potion of haste {unknown}
 C - a potion of degeneration {unknown}


   Skills:
 + Level 9.2 Fighting
 + Level 6.4 Short Blades
 + Level 6.4 Long Blades
 + Level 6.4 Axes
 + Level 9.2 Maces & Flails
 + Level 6.4 Polearms
 + Level 6.4 Staves
 + Level 6.4 Ranged Weapons
 + Level 6.4 Throwing
 + Level 6.4 Armour
 + Level 6.4 Dodging
 + Level 6.4 Stealth
 + Level 6.4 Shields
 + Level 6.4 Unarmed Combat
 + Level 7.1 Spellcasting
 + Level 5.3 Conjurations
 + Level 5.3 Hexes
 + Level 5.3 Summonings
 + Level 5.3 Necromancy
 + Level 5.3 Translocations
 + Level 5.3 Transmutations
 + Level 7.7 Fire Magic
 + Level 5.3 Ice Magic
 + Level 5.3 Air Magic
 + Level 5.3 Earth Magic
 + Level 5.3 Poison Magic
 + Level 7.0 Invocations
 + Level 6.4 Evocations
 + Level 5.8 Shapeshifting


You had 18 spell levels left.
You knew the following spells:

 Your Spells              Type           Power      Damage    Failure   Level
a - Scorch                Fire           80%        2d8       4%          2
b - Freeze                Ice            100%       1d10      7%          1
c - Hailstorm             Conj/Ice       29%        3d8       14%         3

Your spell library contained the following spells:

 Spells                   Type           Power      Damage    Failure   Level
 Kiss of Death            Conj/Necr      100%       2d13      7%          1
 Poisonous Vapours        Pois/Air       58%        N/A       10%         2
 Call Canine Familiar     Summ           29%        N/A       14%         3
 Confusing Touch          Hex            29%        N/A       14%         3
 Frozen Ramparts          Ice            58%        1d9       14%         3
 Mephitic Cloud           Conj/Pois/Air  29%        N/A       14%         3
 Sigil of Binding         Hex            29%        N/A       14%         3
 Dimensional Bullseye     Hex/Tloc       14%        N/A       36%         4
 Dispel Undead            Necr           29%        3d13      36%         4
 Leda's Liquefaction      Hex/Erth       14%        N/A       36%         4
 Freezing Cloud           Conj/Ice/Air   14%        6-21      65%         5


Dungeon Overview and Level Annotations

Branches:
Dungeon (10/15)            Temple (0/1) D:7            Lair (0/5) D:10
    Orc: D:9-12

Altars:
Elyvilon
Gozag
Hepliaklqana
Kikubaaqudgha
Makhleb
Qazlal
Ru
Sif Muna
Trog
Uskayaw
Yredelemnul

Shops:
D:7 (


Innate Abilities, Weirdness & Mutations

You have very sharp teeth.
Your uncanny sense of smell can sniff out nearby items.
Your experience applies equally to all skills.


Message History

Casting: Freeze (safe; 7% risk of failure)
Confirm with . or Enter, or press ? or * to list all spells.
Aiming: Freeze (safe; 7% risk of failure)
Press: ? - help, Shift-Dir - straight line, f/p - fire elemental
Aim: a fire elemental (lightly damaged, durably summoned)
You freeze the fire elemental.
The fire elemental is lightly damaged.
Magical energy flows into your mind! The fire elemental hits you.
The fire elemental burns you!
* * * LOW HITPOINT WARNING * * *
Casting: Freeze (safe; 7% risk of failure)
Confirm with . or Enter, or press ? or * to list all spells.
Aiming: Freeze (safe; 7% risk of failure)
Press: ? - help, Shift-Dir - straight line, f/p - fire elemental
Aim: a fire elemental (lightly damaged, durably summoned)
You freeze the fire elemental.
The fire elemental is lightly damaged.
The fire elemental misses you. x2
Unknown command.
Unknown command.
Casting: Freeze (safe; 7% risk of failure)
Confirm with . or Enter, or press ? or * to list all spells.
Aiming: Freeze (safe; 7% risk of failure)
Press: ? - help, Shift-Dir - straight line, f/p - fire elemental
Aim: a fire elemental (lightly damaged, durably summoned)
You miscast Freeze.
You are very lightly contaminated with residual magic.
Nothing appears to happen.
Magical energy flows into your mind! The fire elemental hits you.
The fire elemental burns you!
* * * LOW HITPOINT WARNING * * *
Unknown command.
Casting: Freeze (safe; 7% risk of failure)
Confirm with . or Enter, or press ? or * to list all spells.
Aiming: Freeze (safe; 7% risk of failure)
Press: ? - help, Shift-Dir - straight line, f/p - fire elemental
Aim: a fire elemental (lightly damaged, durably summoned)
You freeze the fire elemental!
The fire elemental is frozen!
The fire elemental is severely damaged.
The fire elemental hits you.
You die...

####### ###### #.....# #..[..
##########.###.# ###.....
#######..........###.#####.......
.....##..........#.......#.##....
####.##..........#.......#.#.....
...#.##..........#.....)E#.#.....
)..#.##..........#.....E>#.#.....
..)).......<....@###'#####.##....
..##............E....### #.......
...........#####.......######....
...#........○○○.....##.#.........
...######.#######....#.#.#.......
...###.....#....#[##.#.#.#.#...##
##...#.##..#+#.##[##.#.#.#.###.##
##.##.#.........)##.#...#.# #...
#.##.#.......)..##.###.#.# #..#


You could see a fire elemental.

Vanquished Creatures
  4 two-headed ogres
  A death yak (D:10)
  A troll (D:9)
  A hornet (D:9)
  A shadow (D:10)
  A wyvern (D:8)
  5 fire elementals (D:9)
  12 yaks
  Menkaure (D:6)
  4 vampire mosquitoes
  A water moccasin (D:7)
  2 orc warriors
  2 ice beasts
  2 centaurs
  2 phantoms
  A kobold brigand (D:7)
  4 bullfrogs
  4 scorpions
  15 wights
  3 howler monkeys
  A jelly (D:5)
  3 orc priests
  8 hounds
  3 gnoll boudas
  3 sleepcaps
  Natasha (thrice) (D:2)
  2 iguanas
  2 orc wizards
  Robin (D:2)
  24 gnolls
  10 adders
  A white imp (D:6)
  An ufetubus (D:6)
  3 worms (D:4)
  A dart slug (D:1)
  17 orcs
  3 ball pythons
  5 bats
  9 endoplasms
  A giant cockroach (D:4)
  12 goblins
  5 hobgoblins
  5 jackals
  4 quokkas
  7 kobolds
  5 rats
206 creatures vanquished.

Notes
Turn   | Place    | Note
-------+----------+-------------------------------------------
     0 | D:1      | Jannitor the Gnoll Cinder Acolyte began the quest for the
                  | Orb.
     0 | D:1      | Reached XP level 1. HP: 23/23 MP: 4/4
   314 | D:1      | Reached XP level 2. HP: 29/29 MP: 5/5
   787 | D:2      | Reached XP level 3. HP: 25/35 MP: 7/7
   805 | D:2      | Noticed Natasha
   816 | D:2      | Killed Natasha
   817 | D:2      | Reached skill level 1 in Short Blades
   817 | D:2      | Reached skill level 1 in Long Blades
   817 | D:2      | Reached skill level 1 in Axes
   817 | D:2      | Reached skill level 1 in Polearms
   817 | D:2      | Reached skill level 1 in Staves
   817 | D:2      | Reached skill level 1 in Ranged Weapons
   817 | D:2      | Reached skill level 1 in Throwing
   817 | D:2      | Reached skill level 1 in Armour
   817 | D:2      | Reached skill level 1 in Dodging
   817 | D:2      | Reached skill level 1 in Stealth
   817 | D:2      | Reached skill level 1 in Shields
   817 | D:2      | Reached skill level 1 in Unarmed Combat
   817 | D:2      | Reached skill level 1 in Invocations
   817 | D:2      | Reached skill level 1 in Evocations
   817 | D:2      | Reached XP level 4. HP: 21/41 MP: 8/8
   820 | D:2      | Learned a level 2 spell: Scorch
   896 | D:2      | Found a faded altar of an unknown god.
   898 | D:2      | Reached skill level 1 in Shapeshifting
   923 | D:2      | Noticed Robin
   950 | D:2      | Reached skill level 1 in Conjurations
   950 | D:2      | Reached skill level 1 in Hexes
   950 | D:2      | Reached skill level 1 in Summonings
   950 | D:2      | Reached skill level 1 in Necromancy
   950 | D:2      | Reached skill level 1 in Translocations
   950 | D:2      | Reached skill level 1 in Transmutations
   950 | D:2      | Reached skill level 1 in Ice Magic
   950 | D:2      | Reached skill level 1 in Air Magic
   950 | D:2      | Reached skill level 1 in Earth Magic
   950 | D:2      | Reached skill level 1 in Poison Magic
   956 | D:2      | Killed Robin
  1182 | D:2      | Noticed Natasha
  1197 | D:2      | Killed Natasha
  1198 | D:2      | Reached XP level 5. HP: 27/47 MP: 9/9
  1298 | D:2      | Noticed Natasha
  1309 | D:2      | Killed Natasha
  1782 | D:3      | Identified the +3 flail of Niaddy {freeze, Str+3 Int+5
                  | Dex+2}
  1905 | D:3      | Found a sacrificial altar of Ru.
  2053 | D:3      | Reached XP level 6. HP: 53/53 MP: 9/11
  2388 | D:3      | Found a white marble altar of Elyvilon.
  2815 | D:4      | Reached XP level 7. HP: 60/60 MP: 12/12
  3564 | D:4      | Found a shimmering blue altar of Sif Muna.
  3805 | D:5      | Entered Level 5 of the Dungeon
  4235 | D:5      | Reached XP level 8. HP: 67/67 MP: 9/14
  4290 | D:5      | Identified the +1 chain mail of the Other Side {*Corrode
                  | rElec rPois}
  4633 | D:5      | Found a bloodstained altar of Trog.
  4633 | D:5      | Found an ancient bone altar of Kikubaaqudgha.
  4955 | D:6      | Found a burning altar of Makhleb.
  4977 | D:6      | Noticed Menkaure
  4999 | D:6      | Killed Menkaure
  5000 | D:6      | Noticed a two-headed ogre
  5278 | D:6      | Killed a two-headed ogre
  5279 | D:6      | Reached skill level 5 in Spellcasting
  5279 | D:6      | Reached XP level 9. HP: 74/74 MP: 10/16
  5721 | D:7      | Found an opulent altar of Gozag.
  6042 | D:7      | Reached skill level 5 in Invocations
  6575 | D:7      | Found Zairar's Weapon Shoppe.
  6595 | D:7      | Found a staircase to the Ecumenical Temple.
  6756 | D:7      | Found a hazy altar of Hepliaklqana.
  7116 | D:8      | Reached XP level 10. HP: 69/80 MP: 18/18
  7184 | D:8      | Reached skill level 5 in Short Blades
  7184 | D:8      | Reached skill level 5 in Long Blades
  7184 | D:8      | Reached skill level 5 in Axes
  7184 | D:8      | Reached skill level 5 in Polearms
  7184 | D:8      | Reached skill level 5 in Staves
  7184 | D:8      | Reached skill level 5 in Ranged Weapons
  7184 | D:8      | Reached skill level 5 in Throwing
  7184 | D:8      | Reached skill level 5 in Armour
  7184 | D:8      | Reached skill level 5 in Dodging
  7184 | D:8      | Reached skill level 5 in Stealth
  7184 | D:8      | Reached skill level 5 in Shields
  7184 | D:8      | Reached skill level 5 in Unarmed Combat
  7184 | D:8      | Reached skill level 5 in Evocations
  7308 | D:8      | Noticed a two-headed ogre
  7312 | D:8      | Killed a two-headed ogre
  7376 | D:8      | Found a stormy altar of Qazlal.
  7455 | D:8      | Found a basalt altar of Yredelemnul.
  8219 | D:9      | Noticed a two-headed ogre
  8224 | D:9      | Killed a two-headed ogre
  8225 | D:9      | Reached skill level 5 in Shapeshifting
  9032 | D:9      | Reached XP level 11. HP: 87/87 MP: 15/20
  9313 | D:2      | Prayed at the altar of an unknown god.
  9313 | D:2      | Fell from the grace of Ignis
  9313 | D:2      | Became a worshipper of Uskayaw the Reveller
  9313 | D:2      | Reached * piety under Uskayaw
  9414 | D:10     | Entered Level 10 of the Dungeon
  9466 | D:10     | Reached ** piety under Uskayaw
  9471 | D:10     | Reached *** piety under Uskayaw
  9472 | D:10     | Reached **** piety under Uskayaw
  9474 | D:10     | Reached skill level 5 in Conjurations
  9474 | D:10     | Reached skill level 5 in Hexes
  9474 | D:10     | Reached skill level 5 in Summonings
  9474 | D:10     | Reached skill level 5 in Necromancy
  9474 | D:10     | Reached skill level 5 in Translocations
  9474 | D:10     | Reached skill level 5 in Transmutations
  9474 | D:10     | Reached skill level 5 in Ice Magic
  9474 | D:10     | Reached skill level 5 in Air Magic
  9474 | D:10     | Reached skill level 5 in Earth Magic
  9474 | D:10     | Reached skill level 5 in Poison Magic
  9480 | D:10     | Reached ***** piety under Uskayaw
  9574 | D:10     | Noticed a death yak
  9576 | D:10     | Noticed a death yak
  9576 | D:10     | Noticed a death yak
  9576 | D:10     | Noticed a death yak
  9578 | D:10     | Noticed a death yak
  9578 | D:10     | Noticed a death yak
  9579 | D:10     | Noticed a two-headed ogre
  9582 | D:10     | Noticed a death yak
  9585 | D:10     | Noticed a death yak
  9593 | D:10     | Killed a death yak
  9603 | D:9      | Killed a two-headed ogre
 10027 | D:9      | Learned a level 1 spell: Freeze
 10038 | D:9      | Learned a level 3 spell: Hailstorm
 10765 | D:9      | HP: 1/89 [fire elemental[the fiery vengeance of Ignis]
                  | (11)]
 10766 | D:9      | Slain by a fire elemental

Illustrated notes

Levels and vault maps discovered:
D:1:      amcnicky_arrival_gap_in_the_tavern_cellar, layout_loops_cross,
          chequers_serial_rivers_small_3
D:2:      layout_rooms, basic_ecumenical_altar, chequers_serial_rivers_micro_b,
          uniq_natasha, uniq_robin
D:3:      layout_loops_ring, mainiacjoe_overflow_alcove_1,
          mainiacjoe_overflow_chevrons
D:4:      minmay_diamond_boxcup, layout_loops_corners, led_sif_pool
D:5:      layout_loops_ring, nicolae_overflow_two_pavilions,
          nicolae_fountain_basement
D:6:      layout_basic, lemuel_tele_altar, item_on_display_a, uniq_menkaure
D:7:      layout_basic, grunt_gozag_statues, lemuel_round_altar,
          minmay_temple_entry_antechambers, serial_glass, glass_columns_a,
          glass_columns_a, item_on_display_b, feat_on_display,
          minmay_strange_pillars, serial_shops, nicolae_shop_behind_doors
D:8:      layout_loops_corners, old_standard_altar,
          mainiacjoe_overflow_boulevard
D:9:      layout_basic
D:10:     layout_rooms, fedhas_altar_3, mainiacjoe_overflow_surrounded_room,
          dpeg_lair_monsters, hangedman_abyss_or_decor_clamps, minivault_13

Skill      XL: |  1  2  3  4  5  6  7  8  9 10 11 |
---------------+----------------------------------+-----
Short Blades   | 1 2 3 4 5 6 |  6.4
Long Blades    | 1 2 3 4 5 6 |  6.4
Axes           | 1 2 3 4 5 6 |  6.4
Polearms       | 1 2 3 4 5 6 |  6.4
Staves         | 1 2 3 4 5 6 |  6.4
Ranged Weapons | 1 2 3 4 5 6 |  6.4
Throwing       | 1 2 3 4 5 6 |  6.4
Armour         | 1 2 3 4 5 6 |  6.4
Dodging        | 1 2 3 4 5 6 |  6.4
Stealth        | 1 2 3 4 5 6 |  6.4
Shields        | 1 2 3 4 5 6 |  6.4
Unarmed Combat | 1 2 3 4 5 6 |  6.4
Invocations    | 1 2 3 4 5 6 7 |  7.0
Evocations     | 1 2 3 4 5 6 |  6.4
Shapeshifting  | 1 2 3 4 5 |  5.8
Spellcasting   | 3 4 5 6 7 |  7.1
Conjurations   | 1 2 3 4 5 |  5.3
Hexes          | 1 2 3 4 5 |  5.3
Summonings     | 1 2 3 4 5 |  5.3
Necromancy     | 1 2 3 4 5 |  5.3
Translocations | 1 2 3 4 5 |  5.3
Transmutations | 1 2 3 4 5 |  5.3
Ice Magic      | 1 2 3 4 5 |  5.3
Air Magic      | 1 2 3 4 5 |  5.3
Earth Magic    | 1 2 3 4 5 |  5.3
Poison Magic   | 1 2 3 4 5 |  5.3
Fighting       | 7 8 9 |  9.2
Maces & Flails | 7 8 9 |  9.2
Fire Magic     | 6 7 |  7.7

Action                     |  1- 3 |  4- 6 |  7- 9 | 10-12 || total
---------------------------+-------+-------+-------+-------++-------
  Melee: Mace              |    73 |    18 |       |       ||    91
         Bite              |     8 |    12 |    14 |    24 ||    58
         Punch             |     2 |     3 |       |       ||     5
         Falchion          |       |    54 |       |       ||    54
         Flail             |       |    70 |   149 |   133 ||   352
   Cast: Scorch            |       |       |   115 |    68 ||   183
         Freeze            |       |       |       |     8 ||     8
         Hailstorm         |       |       |       |     7 ||     7
 Invoke: Fiery Armour      |     1 |       |       |     1 ||     2
         Stomp             |       |       |       |     1 ||     1
  Evoke: Wand              |       |       |     2 |     5 ||     7
    Use: Scroll            |       |     4 |     1 |     7 ||    12
         Potion            |       |       |     2 |     4 ||     6
   Stab: Sleeping          |       |     2 |     1 |       ||     3
         Paralysed         |       |       |       |     9 ||     9
 Armour: Ring mail         |    48 |   118 |   140 |   201 ||   507
         Robe              |     6 |       |       |       ||     6
         Skin              |       |       |       |    16 ||    16
  Dodge: Dodged            |    25 |    66 |   114 |   134 ||   339

Table legend: (Time is in decaauts)
 A = Elapsed time spent in this place.
 B = Non-inter-level travel time spent in this place.
 C = Inter-level travel time spent in this place.
 D = Time resting spent in this place.
 E = Time spent auto-exploring this place.
 F = Levels seen in this place.
 G = Mean time per level.
                   A        B        C        D        E       F      G
               +--------+--------+--------+--------+--------+-----+--------+
         Total |  10815 |  10363 |    452 |   2151 |   6682 |  10 | 1081.5 |
       Dungeon |  10815 |  10363 |    452 |   2151 |   6682 |  10 | 1081.5 |
               +--------+--------+--------+--------+--------+-----+--------+

Top non-repeatable levels by time:
     D:9: 1673 daAuts
     D:8: 1590 daAuts
     D:7: 1404 daAuts
     D:4: 1228 daAuts
     D:5: 1050 daAuts
     D:3: 965 daAuts
     D:1: 960 daAuts
     D:6: 886 daAuts
     D:2: 783 daAuts
    D:10: 272 daAuts
